AoeStats
← K

Arabia

509718197Analyzed
4v4 RM · 6d ago on Sep 27, 2026· 46m 18s· 8 players
Game mode
Random Map
Map size
Large (8 player)
Population
200
Speed
Normal
Resources
Standard
Victory
Conquest
Starting age
Dark Age
Ending age
Imperial Age
RankedLock teamsTeams togetherTeam positionsShared explorationLock speedFull tech treeHidden civsTurbo modeCheats
Victory
Defeat
🇩🇪 Khmer · Germany
1259
+11
🇩🇪 Lithuanians · Germany
1189
+14
🇩🇪 Japanese · Germany
1063
+19
🇩🇪 Bulgarians · Germany
1037
+29
🇷🇴 Mongols · Romania
1158
-17
🇦🇷 Saracens · Argentina
1152
-17
🇬🇧 Teutons · United Kingdom
1125
-15
🇪🇸 Ethiopians · Spain
1110
-15
Trololo
6:06 Loom
10:10 Feudal Age
11:49 Fletching
12:10 Double-Bit Axe
12:06 Horse Collar
16:07 Wheelbarrow
19:02 Gold Mining
21:58 Castle Age
21:04 Padded Archer Armor
21:53 Wheelbarrow
21:04 Town Watch
22:00 Crossbowman
23:22 Bow Saw
29:47 Imperial Age
31:11 Heavy Scorpion
33:15 Ballistics
34:37 Gold Shaft Mining
35:35 Bodkin Arrow
37:18 Chemistry
36:31 Masonry
38:57 Siege Engineers
39:57 Heavy Plow
42:00 Hand Cart
43:17 Double Crossbow
45:13 Caravan
martin171088
0:28 Loom
11:08 Feudal Age
11:36 Double-Bit Axe
11:36 Horse Collar
22:52 Forging
26:44 Castle Age
24:52 Fletching
25:35 Padded Archer Armor
25:35 Gold Mining
25:39 Stone Mining
26:51 Elite Skirmisher
27:30 Bodkin Arrow
27:39 Squires
28:09 Leather Archer Armor
28:29 Pikeman
31:42 Scale Mail Armor
34:06 Iron Casting
39:52 Wheelbarrow
39:08 Arson
39:25 Town Watch
40:52 Ballistics
40:45 Thumb Ring
44:51 Imperial Age
43:58 Masonry
46:19 Bracer
Jeezye
3:09 Loom
10:08 Feudal Age
10:42 Double-Bit Axe
11:39 Man-at-Arms
12:05 Arson
13:11 Scale Mail Armor
14:42 Forging
16:07 Arson
22:08 Wheelbarrow
27:01 Castle Age
27:35 Gold Mining
27:31 Pikeman
28:12 Squires
29:54 Chain Mail Armor
30:17 Iron Casting
30:10 Long Swordsman
31:27 Bow Saw
31:00 Horse Collar
36:38 Heavy Plow
39:56 Hand Cart
44:23 Imperial Age
42:42 Masonry
42:51 Gambesons
44:27 Halberdier
44:28 Two-Handed Swordsman
45:46 Plate Mail Armor
46:16 Blast Furnace
Fungi93
8:24 Loom
10:46 Feudal Age
11:49 Double-Bit Axe
20:28 Castle Age
21:31 Scale Barding Armor
42:28 Imperial Age
40:14 Forging
42:44 Iron Casting
42:10 Pikeman
PatoGordo
8:17 Loom
10:31 Feudal Age
11:42 Double-Bit Axe
13:41 Town Watch
16:49 Fletching
22:32 Castle Age
20:58 Gold Mining
22:31 Padded Archer Armor
22:44 Crossbowman
23:22 Bodkin Arrow
24:35 Bow Saw
29:28 Gold Shaft Mining
30:35 Ballistics
30:15 Stone Mining
33:33 Wheelbarrow
34:27 Horse Collar
35:06 Leather Archer Armor
35:28 Hand Cart
36:37 Light Cavalry
37:18 Husbandry
41:59 Imperial Age
40:24 Heavy Plow
41:51 Thumb Ring
43:40 Chemistry
42:06 Arbalester
42:59 Bracer
45:14 Two-Man Saw
45:48 Conscription
Sageata
6:36 Loom
8:48 Feudal Age
10:40 Double-Bit Axe
10:38 Horse Collar
16:56 Gold Mining
20:47 Castle Age
18:40 Stone Mining
19:42 Scale Barding Armor
19:48 Forging
20:57 Bloodlines
22:42 Wheelbarrow
22:33 Chain Barding Armor
21:36 Light Cavalry
23:08 Bow Saw
24:05 Heavy Plow
27:45 Iron Casting
30:54 Fletching
31:14 Padded Archer Armor
32:43 Bodkin Arrow
33:03 Leather Archer Armor
36:00 Gold Shaft Mining
36:01 Stone Shaft Mining
36:09 Husbandry
42:25 Imperial Age
42:58 Hand Cart
43:48 Parthian Tactics
44:26 Blast Furnace
43:27 Bracer
42:52 Cavalier
43:47 Elite Mangudai
44:49 Town Watch
47:53 Chemistry
TheDuff_KøK
10:11 Feudal Age
13:43 Castle Age
12:30 Double-Bit Axe
12:25 Horse Collar
14:33 Heavy Plow
16:25 Loom
21:35 Bloodlines
24:23 Scale Barding Armor
24:41 Scale Mail Armor
25:37 Forging
28:17 Chain Barding Armor
28:23 Husbandry
30:51 Chain Mail Armor
31:57 Iron Casting
34:03 Wheelbarrow
33:14 Town Watch
33:56 Town Watch
35:01 Gold Mining
35:22 Bow Saw
37:24 Hand Cart
39:55 Fletching
43:09 Imperial Age
41:18 Bodkin Arrow
41:30 Thumb Ring
42:25 Padded Archer Armor
42:21 Murder Holes
42:44 Masonry
43:13 Elite Mameluke
44:18 Conscription
43:30 Heavy Camel Rider
44:47 Plate Barding Armor
44:41 Ballistics
K
10:23 Feudal Age
10:59 Loom
15:32 Forging
16:18 Scale Barding Armor
25:38 Castle Age
26:57 Bloodlines
27:48 Iron Casting
31:14 Double-Bit Axe
33:26 Fletching
37:02 Bodkin Arrow
Connection lost

Rejoining the realm…

Still unreachable

The connection could not be restored.

Session expired

The server has moved on; the page needs a fresh start.